[ AOE2 MATCH · #478727542 ]
1v1 RMLithuanians vs Malians
Rival team · LOSS
[ REPLAY ANALYSIS · EXTRACTED FROM THE RECORDED GAME ]
Feudal
9:42
Castle
21:38
Imperial
39:23
| APM avg | 58.0 |
| APM peak | 106 |
| eAPM avg | 28.3 |
| Villagers / military | 154 / 183 |
Focus
⚔️ 28.3% · 🌾 71.7%
Knight ×158 · Trebuchet (Packed) ×9 · Spearman ×7 · Scout Cavalry ×7 · Monk ×2
Feudal
9:20
Castle
22:02
Imperial
40:49
| APM avg | 42.4 |
| APM peak | 62 |
| eAPM avg | 29.7 |
| Villagers / military | 121 / 158 |
Focus
⚔️ 23.1% · 🌾 76.9%
Camel Scout ×111 · Gbeto ×20 · Spearman ×8 · Knight ×7 · Militia ×5 · Monk ×3
Match map
Resources at game start + every placement click. Thick line = wall · dashed box = detected house wall. 🟡 gold · ⚪ stone · 🟢 berries · 🔶 boar · ⭕ relic
Inputs per minute
— Lith_KING - - Ciganino
Build order — Lith_KING
First 150 of 425 actions detected
| 0:00 | Create | Villager (Male) |
| 0:00 | Create | Villager (Male) |
| 0:01 | Create | Villager (Male) |
| 0:02 | Build | House |
| 0:04 | Build | House |
| 0:04 | Create | Villager (Male) |
| 0:54 | Create | Villager (Male) |
| 0:54 | Create | Villager (Male) |
| 0:54 | Create | Villager (Male) |
| 0:54 | Create | Villager (Male) |
| 1:32 | Create | Villager (Male) |
| 1:32 | Create | Villager (Male) |
| 1:53 | Build | Lumber Camp |
| 2:12 | Create | Villager (Male) |
| 2:12 | Create | Villager (Male) |
| 2:52 | Create | Villager (Male) |
| 2:52 | Create | Villager (Male) |
| 3:11 | Create | Villager (Male) |
| 3:12 | Create | Villager (Male) |
| 3:25 | Build | House |
| 4:06 | Create | Villager (Male) |
| 4:06 | Create | Villager (Male) |
| 4:11 | Build | House |
| 4:31 | Create | Villager (Male) |
| 4:32 | Create | Villager (Male) |
| 4:39 | Build | Mill |
| 4:57 | Create | Villager (Male) |
| 4:57 | Create | Villager (Male) |
| 4:57 | Create | Villager (Male) |
| 5:08 | Create | Villager (Male) |
| 5:08 | Create | Villager (Male) |
| 5:29 | Create | Villager (Male) |
| 5:29 | Create | Villager (Male) |
| 5:30 | Create | Villager (Male) |
| 6:15 | Create | Villager (Male) |
| 6:15 | Create | Villager (Male) |
| 6:16 | Create | Villager (Male) |
| 6:58 | Research | Loom |
| 7:22 | Build | Lumber Camp |
| 7:32 | Research | Feudal Age |
| 7:32 | Research | Feudal Age |
| 8:08 | Build | Barracks |
| 8:14 | Build | Barracks |
| 9:10 | Build | House |
| 9:42 | Age | Feudal Age |
| 9:46 | Build | Stable |
| 9:47 | Create | Villager (Male) |
| 9:48 | Research | Double-Bit Axe |
| 9:50 | Create | Villager (Male) |
| 10:10 | Build | Palisade Wall |
| 10:11 | Build | Palisade Wall |
| 10:12 | Build | Palisade Wall |
| 10:13 | Build | Palisade Wall |
| 10:16 | Build | Palisade Wall |
| 10:16 | Build | Palisade Wall |
| 10:17 | Build | Palisade Wall |
| 10:19 | Build | Palisade Wall |
| 10:22 | Create | Villager (Male) |
| 10:28 | Create | Scout Cavalry |
| 10:28 | Create | Scout Cavalry |
| 10:28 | Create | Scout Cavalry |
| 10:48 | Build | Farm |
| 10:50 | Build | Farm |
| 10:55 | Build | Palisade Wall |
| 10:57 | Build | Palisade Wall |
| 10:58 | Build | Palisade Wall |
| 10:59 | Build | Palisade Wall |
| 11:05 | Create | Villager (Male) |
| 11:08 | Create | Villager (Male) |
| 11:30 | Create | Villager (Male) |
| 11:43 | Build | Farm |
| 11:44 | Build | Farm |
| 11:45 | Build | Farm |
| 12:09 | Build | Mining Camp |
| 12:14 | Build | Farm |
| 12:21 | Create | Villager (Male) |
| 12:30 | Build | House |
| 12:58 | Create | Villager (Male) |
| 12:58 | Create | Villager (Male) |
| 13:10 | Create | Villager (Male) |
| 13:10 | Create | Villager (Male) |
| 13:21 | Create | Scout Cavalry |
| 13:26 | Create | Villager (Male) |
| 13:28 | Build | Farm |
| 13:30 | Build | Farm |
| 13:37 | Create | Villager (Male) |
| 13:51 | Create | Villager (Male) |
| 13:59 | Build | Farm |
| 14:07 | Create | Villager (Male) |
| 14:10 | Build | Palisade Wall |
| 14:13 | Build | Palisade Wall |
| 14:14 | Build | Palisade Wall |
| 14:17 | Build | Palisade Wall |
| 14:19 | Create | Villager (Male) |
| 14:23 | Build | House |
| 14:34 | Create | Villager (Male) |
| 14:38 | Create | Villager (Male) |
| 14:45 | Build | Blacksmith |
| 14:48 | Build | House |
| 14:54 | Create | Scout Cavalry |
| 14:56 | Create | Villager (Male) |
| 15:11 | Create | Villager (Male) |
| 15:13 | Build | Farm |
| 15:14 | Build | Farm |
| 15:15 | Build | Farm |
| 15:27 | Create | Villager (Male) |
| 15:33 | Create | Villager (Male) |
| 15:42 | Build | House |
| 15:43 | Build | House |
| 16:05 | Build | Palisade Wall |
| 16:27 | Create | Scout Cavalry |
| 16:28 | Create | Scout Cavalry |
| 16:43 | Create | Villager (Male) |
| 16:50 | Build | Farm |
| 16:55 | Build | Farm |
| 16:59 | Build | Farm |
| 17:08 | Build | Farm |
| 17:15 | Create | Villager (Male) |
| 17:21 | Build | Palisade Wall |
| 17:25 | Build | Palisade Wall |
| 17:30 | Create | Villager (Male) |
| 17:32 | Build | Farm |
| 18:28 | Create | Villager (Male) |
| 18:55 | Create | Villager (Male) |
| 18:58 | Research | Castle Age |
| 19:25 | Build | Stable |
| 19:26 | Build | Stable |
| 19:33 | Research | Forging |
| 19:34 | Research | Bloodlines |
| 20:12 | Research | Scale Barding Armor |
| 20:25 | Build | Farm |
| 20:25 | Build | Farm |
| 20:30 | Build | Farm |
| 20:55 | Build | Farm |
| 21:09 | Build | Lumber Camp |
| 21:16 | Build | House |
| 21:17 | Build | House |
| 21:25 | Build | Lumber Camp |
| 21:38 | Age | Castle Age |
| 21:43 | Build | Town Center |
| 21:49 | Build | Monastery |
| 21:53 | Create | Villager (Male) |
| 21:56 | Research | Bow Saw |
| 22:04 | Build | House |
| 22:36 | Research | Chain Barding Armor |
| 22:40 | Create | Knight |
| 22:40 | Create | Knight |
| 22:40 | Create | Knight |
| 22:40 | Create | Knight |
| 22:40 | Create | Knight |
Build order — Ciganino
First 150 of 422 actions detected
| 0:02 | Build | House |
| 0:05 | Build | House |
| 0:05 | Create | Villager (Male) |
| 0:05 | Create | Villager (Male) |
| 0:06 | Create | Villager (Male) |
| 0:24 | Create | Villager (Male) |
| 1:30 | Create | Villager (Male) |
| 2:01 | Build | Lumber Camp |
| 2:08 | Create | Villager (Male) |
| 2:28 | Create | Villager (Male) |
| 2:47 | Create | Villager (Male) |
| 3:15 | Build | Mill |
| 3:24 | Create | Villager (Male) |
| 3:33 | Build | House |
| 3:38 | Create | Villager (Male) |
| 3:56 | Create | Villager (Male) |
| 4:27 | Create | Villager (Male) |
| 4:32 | Create | Villager (Male) |
| 5:07 | Create | Villager (Male) |
| 5:32 | Create | Villager (Male) |
| 6:19 | Research | Loom |
| 6:20 | Create | Villager (Male) |
| 6:21 | Research | Loom |
| 7:06 | Research | Feudal Age |
| 7:26 | Build | Mining Camp |
| 8:09 | Build | Barracks |
| 8:37 | Create | Villager (Male) |
| 8:51 | Build | House |
| 8:58 | Build | Farm |
| 8:59 | Create | Villager (Male) |
| 9:07 | Create | Militia |
| 9:07 | Create | Militia |
| 9:20 | Age | Feudal Age |
| 9:31 | Create | Villager (Male) |
| 9:41 | Build | Palisade Gate |
| 9:44 | Build | House |
| 10:01 | Build | Blacksmith |
| 10:03 | Build | House |
| 10:16 | Research | Man-at-Arms (upgrade) |
| 10:17 | Create | Militia |
| 10:27 | Create | Villager (Male) |
| 10:47 | Create | Militia |
| 11:04 | Create | Villager (Male) |
| 11:12 | Create | Militia |
| 11:18 | Build | Stable |
| 11:22 | Create | Villager (Male) |
| 11:47 | Build | Farm |
| 12:19 | Create | Spearman |
| 12:22 | Build | Farm |
| 12:24 | Build | Farm |
| 12:29 | Create | Villager (Male) |
| 12:29 | Create | Villager (Male) |
| 12:54 | Create | Spearman |
| 13:11 | Create | Villager (Male) |
| 13:16 | Build | Farm |
| 13:17 | Build | Farm |
| 13:19 | Build | Farm |
| 13:53 | Create | Spearman |
| 14:02 | Build | Farm |
| 14:04 | Create | Villager (Male) |
| 14:16 | Create | Scout Cavalry |
| 14:34 | Create | Villager (Male) |
| 14:39 | Build | House |
| 14:56 | Create | Villager (Male) |
| 14:58 | Build | Farm |
| 15:00 | Build | Farm |
| 15:01 | Build | Farm |
| 15:07 | Build | House |
| 15:09 | Create | Villager (Male) |
| 15:11 | Build | House |
| 15:24 | Create | Scout Cavalry |
| 15:24 | Create | Scout Cavalry |
| 15:27 | Build | Farm |
| 15:48 | Create | Villager (Male) |
| 16:16 | Build | Dock |
| 16:33 | Build | Farm |
| 16:33 | Create | Villager (Male) |
| 16:53 | Build | Farm |
| 16:54 | Build | Farm |
| 16:55 | Build | Farm |
| 17:17 | Research | Double-Bit Axe |
| 17:23 | Build | House |
| 17:25 | Build | House |
| 17:28 | Create | Villager (Male) |
| 17:55 | Build | Farm |
| 17:58 | Build | Farm |
| 18:01 | Build | Farm |
| 18:08 | Build | House |
| 18:21 | Create | Villager (Male) |
| 18:41 | Build | Market |
| 18:43 | Create | Villager (Male) |
| 19:22 | Research | Castle Age |
| 19:28 | Build | Mining Camp |
| 19:31 | Create | Spearman |
| 19:41 | Create | Villager (Male) |
| 19:46 | Create | Fishing Ship |
| 19:57 | Research | Horse Collar |
| 20:19 | Build | Stable |
| 20:28 | Build | Palisade Wall |
| 20:41 | Create | Villager (Male) |
| 20:54 | Build | Palisade Wall |
| 20:55 | Build | Palisade Wall |
| 21:12 | Research | Bloodlines |
| 21:16 | Research | Forging |
| 21:17 | Research | Scale Barding Armor |
| 21:30 | Create | Fishing Ship |
| 22:02 | Age | Castle Age |
| 22:07 | Build | Town Center |
| 22:12 | Create | Knight |
| 22:12 | Create | Knight |
| 22:12 | Create | Knight |
| 22:20 | Build | Monastery |
| 22:41 | Create | Knight |
| 22:42 | Create | Knight |
| 22:42 | Create | Villager (Male) |
| 23:02 | Create | Knight |
| 23:02 | Create | Knight |
| 23:04 | Create | Villager (Male) |
| 23:26 | Create | Villager (Male) |
| 23:27 | Build | Farm |
| 23:39 | Create | Villager (Male) |
| 23:39 | Create | Villager (Male) |
| 23:45 | Build | Lumber Camp |
| 23:58 | Create | Camel Scout |
| 24:03 | Create | Villager (Male) |
| 24:03 | Create | Villager (Male) |
| 24:06 | Create | Villager (Male) |
| 24:06 | Create | Villager (Male) |
| 24:17 | Build | Lumber Camp |
| 24:19 | Create | Villager (Male) |
| 24:31 | Create | Camel Scout |
| 24:33 | Create | Monk |
| 24:42 | Create | Camel Scout |
| 24:55 | Create | Camel Scout |
| 25:02 | Create | Villager (Male) |
| 25:03 | Create | Villager (Male) |
| 25:19 | Create | Demolition Raft |
| 25:40 | Create | Camel Scout |
| 25:40 | Create | Camel Scout |
| 25:55 | Create | Camel Scout |
| 25:55 | Create | Camel Scout |
| 25:58 | Create | Villager (Male) |
| 26:07 | Build | Town Center |
| 26:12 | Build | Farm |
| 26:18 | Create | Villager (Male) |
| 26:19 | Create | Villager (Male) |
| 26:44 | Create | Camel Scout |
| 26:45 | Create | Camel Scout |
| 26:52 | Build | Stable |
| 26:58 | Create | Monk |
Match timeline
| 8:08 | Lith_KING · first_building Barracks |
| 8:09 | Ciganino · first_building Barracks |
| 9:20 | Ciganino · age_up feudal |
| 9:42 | Lith_KING · age_up feudal |
| 9:46 | Lith_KING · first_building Stable |
| 10:10 | Lith_KING · wall_segment Palisade Wall x1 |
| 10:11 | Lith_KING · wall_segment Palisade Wall x1 |
| 10:12 | Lith_KING · wall_segment Palisade Wall x1 |
| 10:13 | Lith_KING · wall_segment Palisade Wall x1 |
| 10:16 | Lith_KING · wall_segment Palisade Wall x1 |
| 10:16 | Lith_KING · wall_segment Palisade Wall x1 |
| 10:17 | Lith_KING · wall_segment Palisade Wall x1 |
| 10:19 | Lith_KING · wall_segment Palisade Wall x3 |
| 10:55 | Lith_KING · wall_segment Palisade Wall x1 |
| 10:57 | Lith_KING · wall_segment Palisade Wall x1 |
| 10:58 | Lith_KING · wall_segment Palisade Wall x1 |
| 10:59 | Lith_KING · wall_segment Palisade Wall x2 |
| 11:18 | Ciganino · first_building Stable |
| 14:10 | Lith_KING · wall_segment Palisade Wall x1 |
| 14:13 | Lith_KING · wall_segment Palisade Wall x1 |
| 14:14 | Lith_KING · wall_segment Palisade Wall x1 |
| 14:17 | Lith_KING · wall_segment Palisade Wall x3 |
| 16:05 | Lith_KING · wall_segment Palisade Wall x3 |
| 16:16 | Ciganino · first_building Dock |
| 17:21 | Lith_KING · wall_segment Palisade Wall x1 |
| 17:25 | Lith_KING · wall_segment Palisade Wall x1 |
| 20:13 | Ciganino · first_market_buy 100 wood |
| 20:28 | Ciganino · wall_segment Palisade Wall x1 |
| 20:54 | Ciganino · wall_segment Palisade Wall x1 |
| 20:55 | Ciganino · wall_segment Palisade Wall x1 |
| 21:07 | Ciganino · first_market_sell 100 food |
| 21:38 | Lith_KING · age_up castle |
| 21:49 | Lith_KING · first_building Monastery |
| 22:02 | Ciganino · age_up castle |
| 22:20 | Ciganino · first_building Monastery |
| 29:22 | Ciganino · first_building Castle |
| 34:21 | Lith_KING · first_building Castle |
| 38:31 | Ciganino · wall_segment Stone Wall x11 |
| 39:23 | Lith_KING · age_up imperial |
| 40:49 | Ciganino · age_up imperial |
| 43:44 | Ciganino · wall_segment Stone Wall x1 |
| 45:43 | Ciganino · resign |
[ AI ANALYSIS · 1 CREDIT ]
What really happened in this match?
Wolo.gg analyzes every decision: build order, eco, micro, common mistakes by bracket. Personalized analysis on WhatsApp or Discord in 30 seconds.
Civ guide
Lithuanians
Map guide
Cenotes
Perfil
Jugador #2295921